 Dungeon Sprint DCSS version 0.23.2-30-g0e89c35 (webtiles) character file.

Game seed: 2928194583437448193

3500000 Fang the Conqueror (level 21, -37/224 HPs)
             Began as a Demonspawn Gladiator on June 7, 2019.
             Was the Champion of Makhleb.
             Annihilated by a destroyer
             ... wielding a +9 great sword of slicing
              (44 damage)
             ... in the Dungeon (Sprint VIII: "Arena of Blood").
             The game lasted 00:00:41 (35 turns).

Fang the Conqueror (Demonspawn Gladiator)             Turns: 35, Time: 00:00:41

Health: -37/224    AC:  6    Str: 22    XL:     21   Next: 93%
Magic:  20/49      EV: 32    Int: 11    God:    Makhleb [******]
Gold:   0          SH:  0    Dex: 16    Spells: 68/68 levels left

rFire    . . .     SeeInvis +   l - +∞ Axe of Woe
rCold    + . .     Gourm    .   (shield currently unavailable)
rNeg     . . .     Faith    .   b - +0 leather armour
rPois    .         Spirit   .   (helmet unavailable)
rElec    .         Reflect  .   (no cloak)
rCorr    .         Harm     .   (gloves unavailable)
MR       +....     NoTele   +   (boots unavailable)
Stlth    +++++++++.             (no amulet)
HPRegen  9.47/turn              (no ring)
MPRegen  0.31/turn              (no ring)

@: no status effects
A: antennae 3, claws 3, hooves 3, cold resistance 1, icemail, powered by death
2, robust 1, freezing cloud immunity
a: Minor Destruction, Lesser Servant of Makhleb, Major Destruction, Greater
Servant of Makhleb, Renounce Religion


You were in the Dungeon.
You worshipped Makhleb.
Makhleb was exalted by your worship.
You were not hungry.

You visited 1 branch

Inventory:

Hand Weapons
 a - a +0 war axe
 l - the +∞ Axe of Woe (weapon)
   (You found it in the Dungeon)
Missiles
 d - 3 throwing nets (quivered)
Armour
 b - a +0 leather armour (worn)
 c - a +0 helmet
Scrolls
 k - a scroll of blinking
Potions
 e - a potion of curing
 g - a potion of heal wounds
 h - a potion of haste
 i - 2 potions of magic
 j - a potion of berserk rage
Comestibles
 f - a ration


   Skills:
 O Level 27 Fighting
 O Level 27 Axes
 O Level 27 Throwing
 + Level 24.4 Armour
 O Level 27 Dodging
 + Level 26.2 Stealth
 + Level 24.4 Unarmed Combat
 + Level 24.4 Spellcasting
 O Level 27 Invocations


You had 68 spell levels left.
You didn't know any spells.
Your spell library was empty.

Dungeon Overview and Level Annotations

Branches:
Dungeon (1/1)

Altars:
Makhleb


Innate Abilities, Weirdness & Mutations

You have a pair of large antennae on your head. (SInv)
You have claws for hands.
You have hooves in place of feet.
Your flesh is cold resistant. (rC+)
A meltable icy envelope protects you from harm. (AC +0)
You regenerate health from kills.
You are robust. (+10% HP)
You are immune to freezing clouds.


Message History

You destroy the large abomination!
Makhleb accepts your kill.
You feel better.
You hear a shout! x7
A sculptor of flesh comes into view. It is wielding a +9 great sword.
You hear a shout!
A destroyer comes into view.
It is wielding a +9 great sword of slicing.
You hear a shout!
A bag of meat comes into view. It is wielding a +9 war axe.
You hear a shout!
Unknown command.
An orc and an ogre come into view.
The meat berserker shouts!
You hear a shout! x3
A meat berserker comes into view. It is wielding a +9 battleaxe.
You hear a shout!
The meat berserker rages.
The destroyer hits you with a +9 great sword of slicing!!!!!
Ouch! That really hurt!
* * * LOW HITPOINT WARNING * * *
You die...

. #... ..#
OV..###... ..###.
Oo.......§###......
o.#........V......
#oo.....#)%)..#
O.......#_§<._#
#.......#§§)..#..
..#O.D.%§§§o..z...
.....oV@)§###...%..
.....###.)§....###.
.... #..O....# .
#.......# {
V..oo.O.z.
...o....... {
..o..o.....
.....o.....#


You could see an eight-headed meat hydra, 3 destroyers, a sculptor of flesh, a
large bag of meat (inner flame), 5 meat berserkers and 11 bags of meat.

Vanquished Creatures
  2 vampire knights (D)
  7 ogres (D)
  2 two-headed ogres (D)
  14 orcs (D)
  2 large abominations (D)
27 creatures vanquished.

Notes
Turn   | Place    | Note
-------+----------+-------------------------------------------
     0 | D        | Found the +∞ Axe of Woe
     0 | D        | Fang the Demonspawn Gladiator began the quest for the Orb.
     0 | D        | Reached XP level 1. HP: 16/16 MP: 1/1
     2 | D        | Noticed a bag of meat
     4 | D        | Became a worshipper of Makhleb the Destroyer
     6 | D        | Noticed a bag of meat
     6 | D        | Noticed a bag of meat
     6 | D        | Noticed a bag of meat
     7 | D        | Noticed a bag of meat
     8 | D        | Noticed a bag of meat
     8 | D        | Noticed a bag of meat
     8 | D        | Noticed a bag of meat
     9 | D        | Noticed a bag of meat
    10 | D        | Killed a bag of meat
    10 | D        | Gained mutation: You have a pair of small antennae on your
                  | head. [demonic ancestry]
    10 | D        | Reached XP level 2. HP: 43/43 MP: 2/2
    10 | D        | Gained mutation: You regenerate a little health from kills.
                  | [demonic ancestry]
    10 | D        | Reached XP level 3. HP: 49/49 MP: 3/3
    10 | D        | Gained mutation: You have a pair of antennae on your head.
                  | [demonic ancestry]
    10 | D        | Reached XP level 4. HP: 56/56 MP: 4/4
    10 | D        | Reached XP level 5. HP: 62/62 MP: 5/5
    10 | D        | Gained mutation: Your flesh is cold resistant. (rC+)
                  | [demonic ancestry]
    10 | D        | Reached XP level 6. HP: 69/69 MP: 6/6
    10 | D        | Gained mutation: You have large cloven feet. [demonic
                  | ancestry]
    10 | D        | Reached XP level 7. HP: 75/75 MP: 7/7
    10 | D        | Gained mutation: You have a pair of large antennae on your
                  | head. (SInv) [demonic ancestry]
    10 | D        | Reached XP level 8. HP: 82/82 MP: 8/8
    10 | D        | Reached XP level 9. HP: 88/88 MP: 9/9
    10 | D        | Gained mutation: You have hoof-like feet. [demonic
                  | ancestry]
    10 | D        | Reached XP level 10. HP: 95/95 MP: 10/10
    10 | D        | Gained mutation: You have sharp fingernails. [demonic
                  | ancestry]
    10 | D        | Reached XP level 11. HP: 101/101 MP: 11/11
    11 | D        | Killed a bag of meat
    11 | D        | Reached * piety under Makhleb
    11 | D        | Reached skill level 15 in Axes
    11 | D        | Reached skill level 15 in Throwing
    11 | D        | Reached skill level 15 in Dodging
    11 | D        | Gained mutation: You have very sharp fingernails. [demonic
                  | ancestry]
    11 | D        | Reached XP level 12. HP: 113/113 MP: 12/12
    11 | D        | Killed a bag of meat
    11 | D        | Gained mutation: You regenerate health from kills. [demonic
                  | ancestry]
    11 | D        | Reached XP level 13. HP: 122/122 MP: 13/13
    12 | D        | Killed a bag of meat
    12 | D        | Gained mutation: You have hooves in place of feet. [demonic
                  | ancestry]
    12 | D        | Reached XP level 14. HP: 133/133 MP: 14/14
    13 | D        | Killed a bag of meat
    13 | D        | Reached ** piety under Makhleb
    13 | D        | Killed a bag of meat
    13 | D        | Reached XP level 15. HP: 144/144 MP: 15/15
    13 | D        | Noticed a meat berserker
    14 | D        | Reached *** piety under Makhleb
    16 | D        | Killed a meat berserker
    16 | D        | Reached XP level 16. HP: 159/159 MP: 16/16
    18 | D        | Noticed a meat berserker
    19 | D        | Noticed a meat berserker
    19 | D        | Noticed a meat berserker
    21 | D        | Noticed a large bag of meat
    21 | D        | Noticed a destroyer
    21 | D        | Noticed a meat berserker
    22 | D        | Killed a meat berserker
    22 | D        | Reached **** piety under Makhleb
    22 | D        | Reached XP level 17. HP: 171/171 MP: 17/17
    22 | D        | Killed a meat berserker
    22 | D        | Reached skill level 27 in Fighting
    22 | D        | Noticed a meat berserker
    23 | D        | Noticed a large bag of meat
    24 | D        | Gained mutation: You are robust. (+10% HP) [demonic
                  | ancestry]
    24 | D        | Reached XP level 18. HP: 174/200 MP: 18/18
    25 | D        | Killed a destroyer
    25 | D        | Reached skill level 27 in Axes
    25 | D        | Reached skill level 27 in Throwing
    25 | D        | Reached skill level 27 in Dodging
    25 | D        | Killed a meat berserker
    25 | D        | Reached skill level 15 in Invocations
    25 | D        | Gained mutation: You have claws for hands. [demonic
                  | ancestry]
    25 | D        | Reached XP level 19. HP: 207/207 MP: 18/34
    25 | D        | Reached ***** piety under Makhleb
    25 | D        | Noticed a destroyer
    26 | D        | Reached skill level 15 in Stealth
    27 | D        | Killed a large bag of meat
    27 | D        | Noticed a meat berserker
    28 | D        | Killed a meat berserker
    28 | D        | Gained mutation: You are immune to freezing clouds.
                  | [demonic ancestry]
    28 | D        | Reached XP level 20. HP: 208/216 MP: 18/41
    29 | D        | Killed a meat berserker
    29 | D        | Noticed an eight-headed meat hydra
    29 | D        | Noticed a destroyer
    30 | D        | Killed a large bag of meat
    31 | D        | Reached skill level 27 in Invocations
    31 | D        | Gained mutation: A meltable icy envelope protects you from
                  | harm. (AC +0) [demonic ancestry]
    31 | D        | Reached XP level 21. HP: 215/224 MP: 19/46
    31 | D        | Noticed a destroyer
    32 | D        | Noticed a large bag of meat
    33 | D        | Killed a destroyer
    33 | D        | Reached ****** piety under Makhleb
    33 | D        | Noticed a destroyer
    34 | D        | Noticed a destroyer
    35 | D        | HP: 7/224 [destroyer/+9 great sword of slicing (198)]
    35 | D        | Annihilated by a destroyer

Skill      XL: |  1  2  3  4  5  6  7  8  9 10 11 12 13 14 15 16 17 18 19 20 21 |
---------------+----------------------------------------------------------------+-----
Fighting       | 14 16 18 19 21 24 26 27 | 27.0
Axes           | 13 15 17 18 19 22 24 26 27 | 27.0
Throwing       | 13 15 16 18 19 22 24 26 27 | 27.0
Dodging        | 13 15 17 18 19 22 24 26 27 | 27.0
Armour         | 11 17 21 24 | 24.4
Stealth        | 12 19 22 26 | 26.2
Unarmed Combat | 11 17 21 24 | 24.4
Spellcasting   | 11 17 21 24 | 24.4
Invocations    | 15 23 27 | 27.0

Action                   |  1- 3 |  4- 6 |  7- 9 | 10-12 | 13-15 | 16-18 | 19-21 || total
-------------------------+-------+-------+-------+-------+-------+-------+-------++-------
Melee: Executioner's axe |     1 |       |       |     1 |     4 |     4 |     8 ||    18
